 Dungeon Crawl Stone Soup version 0.28.0-43-g3370ac3207 (webtiles) character file.

Game seed: 16801124913555685470

12108 terff the Spear-Bearer (level 12, -15/93 (94) HPs)
             Began as a Formicid Fighter on Mar 21, 2022.
             Was an Elder of the Shining One.
             Killed by refrigeration
             ... invoked by Fannar
              (20 damage)
             ... on level 1 of the Orcish Mines.
             The game lasted 00:37:44 (11396 turns).

terff the Spear-Bearer (Formicid Fighter)          Turns: 11396, Time: 00:37:45

HP:   -15/93 (94)   AC: 22    Str: 27    XL:     12   Next: 16%
MP:   7/21          EV: 13    Int: 10    God:    the Shining One [****..]
Gold: 1004          SH:  7    Dex: 18    Spells: 11/11 levels left

rFire   x . .      SeeInvis +   s - +7 spear of Resumed Hostilities {protect, Str+5 Stlth+}
rCold   . . .      Faith    .   c - +0 buckler
rNeg    + + .      Spirit   .   C - quicksilver dragon scales
rPois   +          Reflect  .   (helmet unavailable)
rElec   +          Harm     .   D - scarf {repulsion}
rCorr   .          Rampage  .   (no gloves)
Will    ++...                   g - +2 pair of boots
Stlth   ++........              o - amulet of regeneration
HPRegen 0.25/turn               q - +6 ring of dexterity
MPRegen 0.17/turn               k - ring of Liberty {rElec rPois rF- MP+9 Stlth+}

@: under a protective aura, glowing, lightly drained, repel missiles
A: permanent stasis, dig shafts and tunnels, antennae 3, four strong arms
a: Dig, Shaft Self, Renounce Religion, Divine Shield, Cleansing Flame


You were on level 1 of the Orcish Mines.
You worshipped the Shining One.
The Shining One was greatly pleased with you.
You visited 2 branches of the dungeon, and saw 12 of its levels.

You collected 1004 gold pieces.

Inventory:

Hand Weapons
 s - the +7 spear of Resumed Hostilities (weapon) {protect, Str+5 Stlth+}
   (You found it on level 4 of the Dungeon)

   It grants its wielder temporary protection when it strikes (+7 to AC).
   Str:       It affects your strength (+5).
   Stlth:     It makes you more stealthy.
Missiles
 u - 6 throwing nets
Armour
 c - a +0 buckler (worn)
 g - a +2 pair of boots (worn)
 j - a +0 plate armour
 C - quicksilver dragon scales (worn)
 D - a scarf of repulsion (worn)
 K - +0 steam dragon scales
Magical Staves
 i - a staff of poison
 n - a staff of air
Jewellery
 b - an amulet of guardian spirit
 k - the ring of Liberty (right hand) {rElec rPois rF- MP+9 Stlth+}
   (You found it on level 3 of the Dungeon)

   [ring of magical power]

   rF:        It makes you vulnerable to fire.
   rElec:     It insulates you from electricity.
   rPois:     It protects you from poison.
   MP:        It affects your magic capacity (+9).
   Stlth:     It makes you more stealthy.
 l - a +6 ring of intelligence
 o - an amulet of regeneration (around neck)
 q - a +6 ring of dexterity (left hand)
 x - a ring of flight
 z - a ring of resist corrosion
 O - a +6 ring of strength
Wands
 y - a wand of acid (10)
 A - a wand of polymorph (17)
 H - a wand of iceblast (10)
 I - a wand of paralysis (6)
 J - a wand of flame (25)
Scrolls
 a - 3 scrolls of teleportation
 t - 2 scrolls of enchant weapon
 w - a scroll of brand weapon
 G - a scroll of amnesia
 L - a scroll of magic mapping
 P - a scroll of vulnerability {unknown}
Potions
 d - 2 potions of might
 e - 2 potions of cancellation
 f - 5 potions of curing
 h - 4 potions of haste
 m - 3 potions of degeneration
 r - 4 potions of lignification
 v - a potion of ambrosia
 B - a potion of flight
 E - a potion of magic {unknown}
 F - 3 potions of mutation
 M - a potion of brilliance {unknown}
 N - a potion of berserk rage {unknown}


   Skills:
 + Level 8.7 Fighting
 - Level 4.1(9.1) Axes
 * Level 12.5(12.8) Polearms
 + Level 7.7 Armour
 + Level 4.5 Dodging
 + Level 2.8 Stealth
 + Level 9.2 Shields


You had 11 spell levels left.
You didn't know any spells.
Your spell library contained the following spells:

 Spells                   Type           Power      Damage    Failure   Level
 Corpse Rot               Necr/Air       0%         N/A       67%         2
 Call Canine Familiar     Summ           0%         N/A       88%         3
 Ozocubu's Armour         Ice            0%         N/A       88%         3
 Portal Projectile        Hex/Tloc       0%         N/A       88%         3
 Dispel Undead            Necr           0%         3d6       99%         4
 Leda's Liquefaction      Hex/Erth       0%         N/A       99%         4
 Summon Lightning Spire   Summ/Air       0%         N/A       99%         4
 Death Channel            Necr           0%         N/A       100%        6
 Ozocubu's Refrigeration  Ice            0%         4d5       100%        7
 Storm Form               Tmut/Air       0%         N/A       100%        7
 Maxwell's Capacitive Co  Air            0%         ∞         100%        8


Dungeon Overview and Level Annotations

Branches:
Dungeon (10/15)            Temple (0/1) D:6            Lair (0/6) D:10
    Orc (2/2) D:10
    Elf: Orc:2

Altars:
Ashenzari
Cheibriados
Dithmenos
Fedhas
Gozag
Kikubaaqudgha
Nemelex Xobeh
Qazlal
Ru
Sif Muna
Yredelemnul
Zin
The Shining One

Shops:
D:5 !   D:6 :((   D:9 (   Orc:2 *

Annotations:
D:10 3 runed translucent doors
Orc:1 Fannar


Innate Abilities, Weirdness & Mutations

You cannot be hasted, slowed, berserked, paralysed or teleported.
You can dig through walls and to a lower floor.
You have a pair of large antennae on your head. (SInv)
Your four strong arms can wield two-handed weapons with a shield.


Message History

a +0 long sword; a +0 plate armour
There is a stone staircase leading down here.
Your divine shield fades away.
You barely miss the orc. The orc hits you but does no damage.
You puncture the orc!
Your weapon exudes an aura of protection.
You kill the orc!
You block the orc's attack.
There is a stone staircase leading down, spattered with blood here.
You see here a +0 club.
You hit the orc but do no damage. The orc misses you.
You puncture the orc!
You kill the orc!
You hit the orc.
The orc is heavily wounded.
You puncture the orc!
You kill the orc!
Fannar hits you with a +0 quarterstaff of freezing.
* * * LOW HITPOINT WARNING * * *
Fannar freezes you.
* * * LOW HITPOINT WARNING * * *
Items here: )) [ †.
You barely miss Fannar.
Fannar casts a spell.
Fannar drains the heat from the surrounding environment!
The Shining One protects you from harm!
You feel much better.
Fannar casts a spell.
Fannar drains the heat from the surrounding environment!
* * * LOW HITPOINT WARNING * * *
You puncture Fannar!
Fannar is lightly wounded.
Fannar barely misses you.
You hit Fannar.
Fannar is lightly wounded.
You hit Fannar but do no damage.
Fannar is lightly wounded.
Fannar mumbles some strange words.
Fannar drains the heat from the surrounding environment!
You die...

.#.#### ....#
^.### ### # . #
... # #..####
#....e##
.......#@##
#.....###>##
.....##....#
............#
.......$.....#
.###....#.$...#
...........##
...#......##
..####...##


You could see Fannar.

Vanquished Creatures
  Harold (D:10)
  Erolcha (D:9)
  A two-headed ogre (D:8)
  Erica (D:9)
  An orc sorcerer (Orc:1)
  An orc knight (Orc:1)
  A manticore (D:9)
  Maurice (D:10)
  4 komodo dragons (D:10)
  A hornet (D:10)
  Prince Ribbit (D:8)
  Sigmund (D:6)
  A shadow (D:7)
  A wraith (D:10)
  A wyvern (D:10)
  A steam dragon (D:9)
  Menkaure (D:7)
  2 wargs (Orc:1)
  A vampire mosquito (D:5)
  A water moccasin (D:8)
  An acid dragon (D:10)
  11 orc warriors
  2 ice beasts (D:7)
  A black bear (D:6)
  2 necrophages
  3 ogres
  2 kobold brigands
  2 bullfrogs
  7 scorpions (D:5)
  A wyvern skeleton (D:5)
  13 killer bees
  3 howler monkeys
  9 wights
  A vampire bat (D:9)
  4 centaur zombies
  3 bullfrog zombies
  2 hounds (D:6)
  A jelly (D:5)
  8 orc priests
  A bullfrog skeleton (D:7)
  6 centaur skeletons
  3 iguanas
  15 orc wizards
  A howler monkey zombie (D:8)
  10 adders
  4 gnolls (D:4)
  A howler monkey skeleton (D:4)
  An ufetubus (D:6)
  An adder skeleton (D:5)
  2 worms
  4 dart slugs
  70 orcs
  3 ball pythons
  10 bats
  4 bat skeletons (D:9)
  A bat zombie (D:9)
  7 endoplasms
  5 giant cockroaches
  7 goblins
  3 hobgoblins
  3 jackals (D:1)
  13 kobolds
  3 quokkas
  3 frilled lizards
  6 rats
  A butterfly (D:5)
288 creatures vanquished.

Vanquished Creatures (others)
  An orc priest (Orc:1)
  3 fungi (Orc:2)
4 creatures vanquished.

Grand Total: 292 creatures vanquished

Notes
Turn   | Place    | Note
-------+----------+-------------------------------------------
     0 | D:1      | terff the Formicid Fighter began the quest for the Orb.
     0 | D:1      | Reached XP level 1. HP: 18/18 MP: 1/1
   354 | D:1      | Reached XP level 2. HP: 24/24 MP: 2/2
   830 | D:2      | Reached XP level 3. HP: 29/29 MP: 3/3
  1205 | D:2      | Reached XP level 4. HP: 28/37 MP: 4/4
  1404 | D:2      | Reached skill level 1 in Dodging
  1947 | D:3      | Reached XP level 5. HP: 41/42 MP: 5/5
  2135 | D:3      | Identified the ring of Liberty {rElec rPois rF- MP+9
                  | Stlth+}
  2286 | D:3      | Reached XP level 6. HP: 38/48 MP: 6/6
  2766 | D:4      | Found a shadowy altar of Dithmenos.
  2784 | D:4      | Identified the +7 spear of Resumed Hostilities {protect,
                  | Str+5 Stlth+}
  2806 | D:4      | Found a broken altar of Ashenzari.
  2979 | D:4      | Found a stormy altar of Qazlal.
  3089 | D:4      | Reached skill level 1 in Polearms
  3317 | D:5      | Entered Level 5 of the Dungeon
  3376 | D:5      | Found Cufy's Distillery.
  3387 | D:5      | Reached XP level 7. HP: 41/55 MP: 7/7
  3392 | D:5      | Reached skill level 2 in Polearms
  3518 | D:5      | Reached skill level 3 in Polearms
  3518 | D:5      | Reached skill level 5 in Armour
  3607 | D:5      | Found a runed translucent door.
  3610 | D:5      | Noticed a vampire mosquito
  3613 | D:5      | Found a runed translucent door.
  3633 | D:5      | Reached skill level 4 in Polearms
  3643 | D:5      | Reached XP level 8. HP: 46/61 MP: 8/8
  3666 | D:5      | Reached skill level 5 in Polearms
  3669 | D:5      | Reached skill level 5 in Fighting
  3679 | D:5      | Reached skill level 5 in Shields
  3915 | D:5      | Reached skill level 6 in Polearms
  4133 | D:5      | Found a glowing golden altar of the Shining One.
  4143 | D:5      | Became a worshipper of the Shining One
  4299 | D:6      | Reached XP level 9. HP: 55/68 MP: 9/9
  4403 | D:6      | Found Neor's Weapon Emporium.
  4434 | D:6      | Reached skill level 7 in Polearms
  4767 | D:6      | Found a staircase to the Ecumenical Temple.
  4806 | D:6      | Found Foruoxt's Book Boutique.
  4847 | D:6      | Found Odiodi's Weapon Shoppe.
  4899 | D:6      | Noticed Sigmund
  4918 | D:6      | Killed Sigmund
  4923 | D:6      | Reached * piety under the Shining One
  5084 | D:6      | Found Xerin's Armour Boutique.
  5093 | D:6      | Reached skill level 8 in Polearms
  5368 | D:7      | Reached skill level 9 in Polearms
  5501 | D:7      | Found a glowing silver altar of Zin.
  5501 | D:7      | Found an opulent altar of Gozag.
  5511 | D:7      | Reached XP level 10. HP: 75/77 MP: 10/10
  5870 | D:7      | Found a snail-covered altar of Cheibriados.
  6393 | D:7      | Noticed Menkaure
  6393 | D:7      | Reached ** piety under the Shining One
  6400 | D:7      | Killed Menkaure
  6401 | D:7      | Reached skill level 1 in Stealth
  6786 | D:8      | Reached skill level 10 in Polearms
  7620 | D:8      | Noticed a two-headed ogre
  7637 | D:8      | Killed a two-headed ogre
  7849 | D:9      | Noticed a manticore
  7862 | D:9      | Noticed Erica
  7862 | D:9      | Noticed Erolcha
  7905 | D:9      | Killed Erica
  7906 | D:9      | Reached XP level 11. HP: 63/84 MP: 11/11
  7915 | D:9      | Noticed Prince Ribbit
  7922 | D:8      | Killed Prince Ribbit
  8190 | D:9      | Killed a manticore
  8191 | D:9      | Reached skill level 11 in Polearms
  8202 | D:9      | Killed Erolcha
  8316 | D:9      | Found a transporter.
  8322 | D:9      | Found a transporter.
  8330 | D:9      | Found a transporter.
  8336 | D:9      | Found a transporter.
  8416 | D:9      | Found a sacrificial altar of Ru.
  8441 | D:9      | Found Pemnel's Antique Weapon Emporium.
  8444 | D:9      | Found a transporter.
  8456 | D:9      | Found a transporter.
  8571 | D:9      | Found a shimmering blue altar of Sif Muna.
  8632 | D:9      | Found a basalt altar of Yredelemnul.
  8773 | D:9      | Reached *** piety under the Shining One
  8795 | D:9      | Found an ancient bone altar of Kikubaaqudgha.
  8928 | D:10     | Entered Level 10 of the Dungeon
  8966 | D:10     | Found a runed translucent gate.
  8966 | D:10     | Found a runed translucent gate.
  8968 | D:10     | Found a runed translucent gate.
  8968 | D:10     | Noticed a red ugly thing
  8968 | D:10     | Noticed a green ugly thing
  8968 | D:10     | Noticed a glowing orange brain
  8968 | D:10     | Noticed a white ugly thing
  8972 | D:10     | Noticed a purple ugly thing
  8975 | D:10     | Noticed a brown ugly thing
  9060 | D:10     | Noticed Maurice
  9528 | D:10     | Found a staircase to the Lair.
  9734 | D:10     | Killed Maurice
  9758 | D:10     | Found a blossoming altar of Fedhas.
 10006 | D:10     | Found a sparkling altar of Nemelex Xobeh.
 10070 | D:10     | Found a staircase to the Orcish Mines.
 10070 | D:10     | Noticed Harold
 10108 | D:10     | Killed Harold
 10109 | D:10     | Reached skill level 12 in Polearms
 10135 | D:10     | Reached **** piety under the Shining One
 10584 | Orc:1    | Entered Level 1 of the Orcish Mines
 10662 | Orc:1    | Noticed an orc knight
 10680 | Orc:1    | Killed an orc knight
 10681 | Orc:1    | Reached XP level 12. HP: 71/94 MP: 12/12
 11338 | Orc:2    | Entered Level 2 of the Orcish Mines
 11338 | Orc:2    | Noticed an orc high priest
 11338 | Orc:2    | Noticed an orc high priest
 11338 | Orc:2    | Noticed an orc high priest
 11338 | Orc:2    | Noticed an orc warlord
 11338 | Orc:2    | Found Weohuev's General Store.
 11353 | Orc:2    | Noticed a sixfirhy
 11360 | Orc:2    | Noticed a sixfirhy
 11360 | Orc:1    | Noticed Fannar
 11392 | Orc:1    | The Shining One protects you from harm!
 11396 | Orc:1    | Killed from afar by Fannar

Illustrated notes

Levels and vault maps discovered:
D:1:      minmay_arrival_widening_spiral_wide, layout_rooms
D:2:      minmay_inner_zag, layout_rooms
D:3:      layout_basic, minmay_divided_ellipse
D:4:      layout_rooms, nicolae_dithmenos_through_a_glass_darkly,
          mainiacjoe_overflow_catch_the_wave
D:5:      lemuel_insect_pit, layout_cave_pools, nicolae_tso_swordbearing_angel,
          st_stairs_10, kennysheep_windowed_goal
D:6:      layout_rooms, minmay_temple_entry_statues_pillars, serial_shops,
          nicolae_shop_bloodbath_and_beyond, nicolae_take_the_stairs,
          nicolae_shop_waterfront, nicolae_diamond_shop, uniq_sigmund
D:7:      layout_basic, grunt_temple_overflow_gold_and_silver, slow_altar_1,
          grunt_ministairs_5, uniq_menkaure
D:8:      layout_cave_pools, minmay_orc_keep
D:9:      layout_cave_pools, nicolae_sif_muna_little_library,
          lemuel_round_altar, nicolae_overflow_hidden_temple,
          kennysheep_vampire_church, serial_shops, shop,
          amcnicky_mini_corridor_feature, serial_nicolae_subway,
          nicolae_sub_station_stone, nicolae_sub_station_crystal,
          nicolae_sub_station_metal, uniq_prince_ribbit1, uniq_erolcha,
          uniq_erica
D:10:     layout_loops_ring, mainiacjoe_overflow_alcove_1,
          mainiacjoe_overflow_concentric_impassable, erik_lair_dragon,
          david_orc_2, ploomutoo_gammafunk_ghost_potion_laboratory, uniq_harold,
          uniq_maurice
Orc:1:    layout_diamond_mine, uniq_fannar
Orc:2:    grunt_orc_gardens, layout_diamond_mine, grunt_orc_garden,
          grunt_orc_garden, grunt_orc_garden, grunt_orc_garden, serial_shops,
          shop, uniq_nessos

Skill      XL: |  1  2  3  4  5  6  7  8  9 10 11 |
---------------+----------------------------------+-----
Dodging        | 1 3 4 |  4.5
Axes           | 3 4 |  4.1
Armour         | 4 5 6 7 |  7.7
Shields        | 4 5 6 7 9 |  9.2
Fighting       | 4 5 6 7 8 |  8.7
Polearms       | 1 4 6 9 10 12 | 12.5
Stealth        | 2 |  2.8

Action                   |  1- 3 |  4- 6 |  7- 9 | 10-12 || total
-------------------------+-------+-------+-------+-------++-------
Melee: War axe           |    66 |   104 |       |       ||   170
       Spear             |       |    61 |   302 |   614 ||   977
Invok: Divine Shield     |       |       |       |     1 ||     1
 Abil: Dig               |     1 |     2 |       |     2 ||     5
  Use: Scroll            |       |     8 |     3 |     5 ||    16
       Potion            |       |       |     1 |     1 ||     2
Armor: Scale mail        |    24 |       |       |       ||    24
       Plate armour      |    15 |   139 |   187 |       ||   341
       Quicksilver drago |       |       |       |   243 ||   243
Dodge: Dodged            |    20 |    60 |   102 |   301 ||   483
       Repelled          |       |       |       |     2 ||     2
Block: Buckler           |    13 |    45 |    68 |   170 ||   296
